 Dungeon Crawl Stone Soup version 0.18.1-5-g4a78601 (webtiles) character file.

224 PossumBlood the Skirmisher (level 6, -6/52 HPs)
             Began as a Human Fighter on May 12, 2016.
             Killed by nerve-wracking pain
             ... invoked by an orc priest
              (7 damage)
             ... on level 3 of the Dungeon.
             The game lasted 00:06:46 (3510 turns).

PossumBlood the Skirmisher (Human Fighter)          Turns: 3510, Time: 00:06:46

Health: -6/52      AC:  9    Str: 19    XL:     6   Next: 20%
Magic:  6/6        EV:  7    Int:  8    God:
Gold:   154        SH:  9    Dex: 12    Spells: 0 memorised, 5 levels left

rFire  . . .     SeeInvis .     j - +3 hand axe
rCold  . . .     Gourm    .     b - +0 scale mail
rNeg   . . .     Faith    .     c - +0 shield
rPois  .         Spirit   .     m - +0 helmet
rElec  .         Dismiss  .     (no cloak)
rCorr  .         Reflect  .     (no gloves)
SustAt .         Harm     .     (no boots)
MR     .....                    e - amulet of magic regeneration
Stlth  ..........               (no ring)
                                (no ring)

@: not resistant to hostile enchantments, extremely unstealthy
A: molten scales 1, deterioration 1
a: no special abilities


You were on level 3 of the Dungeon.
You were not hungry.

You visited 1 branch of the dungeon, and saw 3 of its levels.

You collected 154 gold pieces.

Inventory:

Hand Weapons
 j - a +3 hand axe (weapon)
Armour
 b - a +0 scale mail (worn)
 c - a +0 shield (worn)
 m - a +0 helmet (worn)
Jewellery
 e - an amulet of magic regeneration (around neck)
Scrolls
 f - a scroll of fog {unknown}
 g - 2 scrolls of remove curse
 i - 2 scrolls of teleportation
 k - 2 scrolls of enchant armour {unknown}
 o - a scroll of identify
 q - a scroll of recharging
Potions
 d - a potion of might
 p - a potion of invisibility
Comestibles
 h - 2 beef jerkies
 l - 2 meat rations
 n - a bread ration
 r - 3 fruits


   Skills:
 - Level 6.0 Fighting
 - Level 2.0 Axes
 * Level 3.8 Armour
 - Level 3.0 Shields


You had 5 spell levels left.
You didn't know any spells.

Dungeon Overview and Level Annotations

Branches:
Dungeon (3/15)

Altars:
Dithmenos
Makhleb
Pakellas
Vehumet
Xom


Innate Abilities, Weirdness & Mutations

You are partially covered in molten scales (AC +1).
Your body sometimes deteriorates upon taking damage.


Message History

The orc priest hits you with a war axe!
* * * LOW HITPOINT WARNING * * *
You closely miss the orc priest.
The orc priest is heavily wounded.
You block the orc priest's attack.
Your shield and scale mail prevent you from hitting the orc priest.
The orc priest is heavily wounded.
You block the orc priest's attack.
You hit the orc priest.
The orc priest is almost dead.
The orc priest invokes the aid of Beogh against you.
Beogh smites you!
* * * LOW HITPOINT WARNING * * *
Drink which item? (? for menu, Esc to quit)
It was a potion of mutation.
You feel extremely strange.
You feel yourself wasting away.
Molten scales grow over part of your body.
The orc priest invokes the aid of Beogh against you.
Pain shoots through your body!
You die...

#.# #.# #.# #.#
#.###### #..†...#
############.#
#............#
#@################
#o# ...... .o.
###### #.#.# .. ..
.## ##. . . # #


You could see an orc priest and an orc wizard.

Vanquished Creatures
  2 orc priests (D:3)
  An orc wizard (D:3)
  3 adders (D:3)
  An ooze (D:2)
  4 worms (D:2)
  A dart slug (D:2)
  3 giant geckos
  8 orcs
  8 bats
  3 giant cockroaches (D:3)
  8 goblins
  17 hobgoblins
  6 jackals
  5 kobolds
  2 quokkas
  A giant newt (D:2)
  6 rats
79 creatures vanquished.

Notes
Turn   | Place    | Note
--------------------------------------------------------------
     0 | D:1      | PossumBlood the Human Fighter began the quest for the Orb.
     0 | D:1      | Reached XP level 1. HP: 18/18 MP: 1/1
   175 | D:1      | Reached XP level 2. HP: 21/24 MP: 2/2
   655 | D:1      | Reached skill level 4 in Fighting
   655 | D:1      | Reached XP level 3. HP: 30/30 MP: 3/3
  1264 | D:2      | Found a shimmering altar of Xom.
  1264 | D:2      | Found a burning altar of Makhleb.
  1327 | D:2      | Found a shadowy altar of Dithmenos.
  1501 | D:2      | Found a shadowy altar of Dithmenos.
  1536 | D:2      | Found a radiant altar of Vehumet.
  1622 | D:2      | Reached XP level 4. HP: 18/38 MP: 4/4
  2399 | D:3      | Reached skill level 5 in Fighting
  2399 | D:3      | Reached XP level 5. HP: 6/44 MP: 5/5
  2404 | D:3      | HP: 2/46 [bat (1)]
  3052 | D:3      | Reached skill level 6 in Fighting
  3144 | D:3      | Found an oddly glowing altar of Pakellas.
  3145 | D:3      | Noticed a hungry ghost
  3376 | D:3      | Reached XP level 6. HP: 52/52 MP: 6/6
  3509 | D:3      | HP: 1/52 [orc priest/divine providence (14)]
  3510 | D:3      | Gained mutation: Your body sometimes deteriorates upon taking damage. [potion of mutation]
  3510 | D:3      | Gained mutation: You are partially covered in molten scales (AC +1). [potion of mutation]
  3510 | D:3      | Killed from afar by an orc priest

Skill      XL: |  1  2  3  4  5 |
---------------+----------------+-----
Fighting       | 4 5 6 |  6.0
Axes           | |  2.0
Armour         | |  3.8
Shields        | |  3.0

Action                   |  1- 3 |  4- 6 || total
-------------------------+-------+-------++-------
Melee: War axe           |    88 |    95 ||   183
       Hand axe          |       |    80 ||    80
  Use: Scroll            |     2 |     4 ||     6
       Potion            |       |     6 ||     6
  Eat: Bread ration      |     1 |     1 ||     2
       Fruit             |       |     1 ||     1
Armor: Scale mail        |    35 |    76 ||   111
Dodge: Dodged            |    20 |    66 ||    86
Block: Shield            |    44 |    94 ||   138
